 Dungeon Crawl Stone Soup version 0.30-a0-34-gbe8da3892a (webtiles) character file.

Game seed: 8568512846242089249

2 Sobieck the Sneak (level 1, -7/22 HPs)
             Began as a Troll Delver on Aug 27, 2022.
             Mangled by an iguana (11 damage)
             ... on level 5 of the Dungeon.
             The game lasted 00:00:52 (33 turns).

Sobieck the Sneak (Troll Delver)                      Turns: 33, Time: 00:00:52

Health: -7/22      AC:  4    Str: 19    XL:     1   Next: 25%
Magic:  0/0        EV:  9    Int:  6    God:
Gold:   4          SH:  0    Dex: 11    Spells: 0/0 levels left

rFire   . . .      SeeInvis .      - Unarmed
rCold   . . .      Faith    .    (no shield)
rNeg    . . .      Spirit   .    a - +0 robe
rPois   .          Reflect  .    (helmet restricted)
rElec   .          Harm     .    (no cloak)
rCorr   .          Rampage  .    (gloves unavailable)
Will    .....                    (boots unavailable)
Stlth   ++........               (no amulet)
HPRegen 0.87/turn                (no ring)
MPRegen 0.07/turn                (no ring)

@: no status effects
A: large, unfitting armour, claws 3, regeneration 1, shaggy fur 1, tough skin 1
a: no special abilities


You were on level 5 of the Dungeon.
You visited 1 branch of the dungeon, and saw 2 of its levels.

You collected 4 gold pieces.


Innate Abilities, Weirdness & Mutations

You are too large for most types of armour.
You have claws for hands.
Your natural rate of healing is unusually fast.
You are covered in fur. (AC +1)
You have tough skin. (AC +1)


   Skills:
 + Level 2.4 Fighting
 - Level 1.5 Dodging
 - Level 2.7 Stealth
 * Level 2.1 Unarmed Combat


You couldn't memorise any spells.
You didn't know any spells.
Your spell library was empty.

Inventory:

Hand Weapons
 g - a +0 dagger {short}
   (You took it off an orc on level 5 of the Dungeon)
Armour
 a - a +0 robe (worn)
Wands
 f - a wand of digging (3)
Scrolls
 b - a scroll of fog
 c - a scroll of magic mapping {!r}
 d - a scroll of fear
Potions
 e - a potion of haste {@q3}

Dungeon Overview and Level Annotations

Branches:
Dungeon (6/15) Zot: 11965
 Temple: D:4-7

Altars:

Annotations:
D:5 exclusion: downstairs

#......######........#
#...................##
#..................#
#..............[...#
#.............†..#
##...........>...#
##........##.....#
##....#######...#
#@....# #.)..
#.l......# ##..
#..........# .#
..............# #
...##...##.#...# ##
##..# .###.. #.## .#
## ##


You could see an iguana.


Message History

🤖 Initializing magus.rc ...
Options error: Bad monster_list_colour key: strict_neutral (~/.crawlrc:4811) Bad channel name for runrest: 'pray:' ✅ Successfully initialized magus_sobieck.rc [v0.0.2] Welcome, Sobieck the Troll Delver.
Everyone else who sought the Orb of Zot has failed.
Will you be different?
Press ? for a list of commands and other information.
Found a scale mail, a war axe and 4 gold pieces.
Found a stone staircase leading down.
Unknown command.
You climb downwards.
The orc shouts! x2; The orc warrior shouts!
You hear a shout!
The orc shouts!
Found a scroll of fear.
Found a stone staircase leading down.
There is a stone staircase leading up here.
Danger!
Unknown command.
The orc throws a boomerang.
The boomerang barely misses you. The orc barely misses you.
You climb upwards.
There is a stone staircase leading down here.
Unknown command.
You closely miss the orc. The orc hits you with a +0 dagger.
You claw the orc!
You kill the orc!
No target in view!
No target in view!
Unknown command.
g - a +0 dagger {short} You see here an orc corpse.
There is a stone staircase leading down here.
Press: ? - help, v - describe, . - travel A stone staircase leading down.
Placed new exclusion.
Reduced exclusion size to a single square.
You see here a +0 scale mail.
You now have 4 gold pieces.
Unknown command.
A howler monkey comes into view.
Danger!
Unknown command.
The howler monkey howls!
An iguana comes into view.
Danger!
The iguana hisses angrily.
The iguana bites you!
Ouch! That really hurt!
* * * LOW HITPOINT WARNING * * *
You see here 10 gold pieces.
You claw the iguana! The iguana bites you.
* * * LOW HITPOINT WARNING * * *
You barely miss the iguana. The iguana bites you.
* * * LOW HITPOINT WARNING * * *
Unknown command.
You scratch the iguana. The iguana bites you.
* * * LOW HITPOINT WARNING * * *
Unknown command.
You scratch the iguana. The iguana bites you!
Ouch! That really hurt!
You die...

Action                   || total
-------------------------++-------
Melee: Unarmed           ||     6
Dodge: Dodged            ||     2

Levels and vault maps discovered:
D:5:      layout_layer_cave, nicolae_uskayaw_suspiria,
          mainiacjoe_overflow_big_doors, gammafunk_ghost_mausoleum,
          grunt_decor_junction
D:6:      layout_rooms, nicolae_titane, uniq_crazy_yiuf_cottage

Notes
Turn   | Place    | Note
-------+----------+-------------------------------------------
     0 | D:5      | Sobieck the Troll Delver began the quest for the Orb.
     0 | D:5      | Reached XP level 1. HP: 22/22 MP: 0/0
     1 | D:6      | Noticed an orc warrior
     3 | D:6      | Noticed an orc wizard
    17 | D:5      | Noticed a howler monkey
    24 | D:5      | Noticed an iguana
    31 | D:5      | HP: 3/22 [iguana (4)]
    33 | D:5      | Mangled by an iguana

Vanquished Creatures
  An orc (D:5)
1 creature vanquished.

Table legend:
 A = Non-vault XP
 B = Vault XP
 C = Vault XP percentage of total XP
 D = Non-vault monster count
 E = Vault monster count
 F = Vault count percentage of total count
                 A         B        C        D         E       F
            +---------+---------+-------+---------+---------+-------
      Total |       3 |       0 |   0.0 |       1 |       0 |   0.0
            +---------+---------+-------+---------+---------+-------
        D:5 |       3 |       0 |   0.0 |       1 |       0 |   0.0
            +---------+---------+-------+---------+---------+-------

Illustrated notes

Table legend:
 A = Kills in this place as a percentage of kills in entire the game.
 B = Kills by you in this place as a percentage of kills by you in the entire game.
 C = Kills by friends in this place as a percentage of kills by friends in the entire game.
 D = Other kills in this place as a percentage of other kills in the entire game.
 E = Experience gained in this place as a percentage of experience gained in the entire game.
 F = Experience gained in this place divided by the number of levels of this place that you have seen.
                   A       B       C       D       E      F
               +-------+-------+-------+-------+-------+----------------------
         Total | 100.0 | 100.0 |   N/A |   N/A | 100.0 |   1.5
       Dungeon | 100.0 | 100.0 |   N/A |   N/A | 100.0 |   1.5
               +-------+-------+-------+-------+-------+----------------------

Table legend: (Time is in decaauts)
 A = Elapsed time spent in this place.
 B = Non-inter-level travel time spent in this place.
 C = Inter-level travel time spent in this place.
 D = Time resting spent in this place.
 E = Time spent auto-exploring this place.
 F = Levels seen in this place.
 G = Mean time per level.
                   A        B        C        D        E       F      G
               +--------+--------+--------+--------+--------+-----+--------+
         Total |     33 |     33 |      0 |      0 |      0 |   2 |   16.5 |
       Dungeon |     33 |     33 |      0 |      0 |      0 |   2 |   16.5 |
               +--------+--------+--------+--------+--------+-----+--------+

Top non-repeatable levels by time:
     D:5: 30 daAuts
     D:6: 2 daAuts
